 Dungeon Crawl Stone Soup version 0.26-a0-1033-gd598b01645 (webtiles) character file.

Game seed: 1824465009737483886

3037802 passata the Gargoyle Barricade (level 27, 162/162 HPs)
             Began as a Gargoyle Fighter on Dec 10, 2020.
             Was a High Priest of Okawaru.
             Escaped with the Orb
             ... and 5 runes!
             The game lasted 06:06:50 (79033 turns).

passata the Gargoyle Barricade (Gargoyle Fighter)  Turns: 79033, Time: 06:06:51

Health: 162/162    AC: 67    Str: 35      XL:     27
Magic:  33/33      EV: 21    Int:  9      God:    Okawaru [*****.]
Gold:   9176       SH: 37    Dex: 17 (18) Spells: 22/26 levels left

rFire    + . .     SeeInvis .   V - +7 broad axe "Koveutex" {vamp, +Blink}
rCold    + . .     Faith    .   e - +8 tower shield {reflect}
rNeg     + + .     Spirit   +   L - +1 gold dragon scales of Kavaic {rPois rF+ rC+ Dex+7}
rPois    ∞         Reflect  +   l - +1 helmet "Riotoveg" {rElec rN+ Regen+ Stlth-}
rElec    +         Harm     .   h - +2 cloak {rCorr}
rCorr    +         Rampage  .   W - +3 pair of gauntlets of War {Slay+5}
Will     +++++     Rnd*Rage +   I - +5 pair of boots "Ybamet" {rPois Will+}
Stlth    ..........             n - amulet of guardian spirit
HPRegen  0.77/turn              i - +6 ring of strength
MPRegen  0.23/turn              A - +4 ring of evasion

@: flying, studying Invocations
A: big wings, rugged brown scales 1, berserk 1, blink, blurry vision 2,
deterioration 1, dopey 1, frail 2, low mp 1, strong-willed 2, negative energy
resistance 1, electricity resistance, inhibited regeneration, unbreathing,
petrification resistance, rot immunity, MP-powered wands, AC +20
0: Orb of Zot
}: 5/15 runes: decaying, serpentine, slimy, silver, abyssal
a: Stop Flying, Blink, Heroism, Finesse, Renounce Religion, Evoke Blink


You escaped.
You worshipped Okawaru.
Okawaru was extremely pleased with you.
You visited 11 branches of the dungeon, and saw 55 of its levels.
You visited the Abyss 4 times.
You also visited: Trove, Ossuary, Gauntlet, Ice Cave and Wizlab.

You collected 11342 gold pieces.
You spent 2166 gold pieces at shops.

Inventory:

Hand Weapons
 b - a +9 antimagic broad axe
 y - a +12 antimagic club
 S - the +12 broad axe "Ejekh" {pain, rN+ Int+4}
   (Okawaru gifted it to you on level 2 of the Realm of Zot)

   In the hands of one skilled in necromantic magic, it inflicts extra damage on
   living creatures.
   It affects your intelligence (+4).
   It protects you from negative energy.
 V - the +7 broad axe "Koveutex" (weapon) {vamp, +Blink}
   (You found it on level 3 of the Snake Pit)

   It inflicts no extra harm, but heals its wielder when it wounds a living foe.
   It lets you blink.
 X - the +18 lance "Wyrmbane" {slay drac, rPois rF+ rC+ AC+3}
   (You took it off a deep elf high priest on level 4 of the Depths)

   It affects your AC (+3).
   It protects you from fire.
   It protects you from cold.
   It protects you from poison.
Missiles
 f - 67 silver javelins (quivered)
 q - 34 curare-tipped darts
Armour
 e - a +8 tower shield of reflection (worn)
 h - a +2 cloak of preservation (worn)
 l - the +1 helmet "Riotoveg" (worn) {rElec rN+ Regen+ Stlth-}
   (Okawaru gifted it to you on level 1 of the Snake Pit)

   It insulates you from electricity.
   It protects you from negative energy.
   It increases your rate of regeneration.
   It makes you less stealthy.
 C - +2 gold dragon scales
 I - the +5 pair of boots "Ybamet" (worn) {rPois Will+}
   (You found it in a Gauntlet)

   It protects you from poison.
   It affects your willpower, your defense against some magical effects.
 L - the +1 gold dragon scales of Kavaic (worn) {rPois rF+ rC+ Dex+7}
   (You found it on level 5 of the Vaults)

   It affects your dexterity (+7).
   It protects you from fire.
   It protects you from cold.
   It protects you from poison.
 W - the +3 pair of gauntlets of War (worn) {Slay+5}
   (You found it in a Gauntlet)

   It affects your accuracy and damage with ranged weapons and melee attacks
   (+5).
Jewellery
 i - a +6 ring of strength (left hand)
 n - an amulet of guardian spirit (around neck)
 A - a +4 ring of evasion (right hand)
 G - the ring "Yttoyzerchy" {Dex+3 SInv}
   (You acquired it on level 1 of the Swamp)

   [ring of see invisible]

   It affects your dexterity (+3).
   It lets you see invisible.
 O - an uncursed amulet of faith
Wands
 t - a wand of acid (40)
 U - a wand of flame (5)
Scrolls
 a - 6 scrolls of blinking
 g - 3 scrolls of holy word
 m - 14 scrolls of remove curse
 p - 2 scrolls of torment
 u - 14 scrolls of magic mapping
 B - 3 scrolls of silence
 F - 8 scrolls of immolation
 H - 2 scrolls of enchant weapon
 K - 13 scrolls of fog
 M - 2 scrolls of fear
 N - 40 scrolls of identify
 Q - 25 scrolls of teleportation
 R - 2 scrolls of summoning
Potions
 d - 10 potions of might
 j - 18 potions of lignification
 o - 6 potions of ambrosia
 r - 4 potions of cancellation
 v - 21 potions of curing
 w - 6 potions of invisibility
 z - 7 potions of heal wounds
 D - 6 potions of berserk rage
 P - 13 potions of haste
 Y - 2 potions of resistance
Books
 c - a manual of Invocations
Miscellaneous
 k - a tin of tremorstones (2/2)
 s - a box of beasts
 x - a lightning rod (4/4)
 E - a phial of floods
 J - a condenser vane
 Z - a phantom mirror


   Skills:
 * Level 26.1 Fighting
 * Level 20.7 Axes
 - Level 16.5 Throwing
 * Level 23.8 Armour
 + Level 14.3 Dodging
 - Level 6.0 Stealth
 O Level 27 Shields
 - Level 8.0 Necromancy
 * Level 19.8 Invocations
 - Level 3.0 Evocations


You had 22 spell levels left.
You knew the following spells:

 Your Spells              Type           Power        Failure   Level
a - Animate Dead          Necr           ##........   63%         4

Your spell library contained the following spells:

 Spells                   Type           Power        Failure   Level
 Animate Skeleton         Necr           ##....       9%          1
 Vampiric Draining        Necr           ##........   24%         3
 Corpse Rot               Necr/Air       N/A          54%         2
 Dispel Undead            Necr           ##......     63%         4
 Apportation              Tloc           #.....       91%         1
 Corona                   Hex            #......      91%         1
 Foxfire                  Conj/Fire      #...         91%         1
 Freeze                   Ice            #...         91%         1
 Magic Dart               Conj           #...         91%         1
 Sting                    Tmut/Pois      #...         91%         1
 Summon Small Mammal      Summ           #...         91%         1
 Agony                    Necr           ##......     92%         5
 Excruciating Wounds      Necr           ##........   92%         5
 Blink                    Tloc           N/A          97%         2
 Call Imp                 Summ           #.......     97%         2
 Ensorcelled Hibernation  Hex/Ice        #.....       97%         2
 Passwall                 Tmut/Erth      #.......     97%         2
 Poisonous Vapours        Pois/Air       #.....       97%         2
 Searing Ray              Conj           #.....       97%         2
 Slow                     Hex            #.......     97%         2
 Swiftness                Air            #.......     97%         2
 Call Canine Familiar     Summ           #.......     100%        3
 Confusing Touch          Hex            #.......     100%        3
 Conjure Flame            Conj/Fire      #.......     100%        3
 Dazzling Flash           Conj/Hex       #.....       100%        3
 Frozen Ramparts          Ice            #.....       100%        3
 Gell's Gravitas          Tloc           #.........   100%        3
 Ignite Poison            Fire/Tmut/Pois #.......     100%        3
 Mephitic Cloud           Conj/Pois/Air  #.......     100%        3
 Ozocubu's Armour         Ice            #.......     100%        3
 Portal Projectile        Hex/Tloc       #.....       100%        3
 Spider Form              Tmut/Pois      #.........   100%        3
 Static Discharge         Conj/Air       #.......     100%        3
 Stone Arrow              Conj/Erth      #.....       100%        3
 Summon Guardian Golem    Hex/Summ       #.......     100%        3
 Tukima's Dance           Hex            #.......     100%        3
 Airstrike                Air            #.........   100%        4
 Cause Fear               Hex            #.........   100%        4
 Fulminant Prism          Conj/Hex       #.........   100%        4
 Hailstorm                Conj/Ice       #.......     100%        4
 Ice Form                 Ice/Tmut       #.......     100%        4
 Iskenderun's Mystic Bla  Conj/Tloc      #.......     100%        4
 Leda's Liquefaction      Hex/Erth       #.........   100%        4
 Olgreb's Toxic Radiance  Pois           #.......     100%        4
 Passage of Golubria      Tloc           N/A          100%        4
 Petrify                  Tmut/Erth      #.......     100%        4
 Sticky Flame             Conj/Fire      #.......     100%        4
 Summon Ice Beast         Ice/Summ       #.......     100%        4
 Summon Lightning Spire   Summ/Air       #.......     100%        4
 Alistair's Intoxication  Tmut/Pois      #........    100%        5
 Bolt of Magma            Conj/Fire/Erth #.........   100%        5
 Borgnjor's Vile Clutch   Necr/Erth      #.........   100%        5
 Fireball                 Conj/Fire      #.........   100%        5
 Irradiate                Conj/Tmut      #.........   100%        5
 Iskenderun's Battlesphe  Conj           #.......     100%        5
 Lee's Rapid Deconstruct  Erth           #.........   100%        5
 Lightning Bolt           Conj/Air       #.........   100%        5
 Metabolic Englaciation   Hex/Ice        #.........   100%        5
 Silence                  Hex/Air        #.........   100%        5
 Summon Demon             Summ           #.........   100%        5
 Summon Forest            Summ/Tloc      #.........   100%        5
 Yara's Violent Unravell  Hex/Tmut       #.........   100%        5
 Conjure Ball Lightning   Conj/Air       #.........   100%        6
 Death Channel            Necr           ##........   100%        6
 Dispersal                Tloc           #.........   100%        6
 Eringya's Noxious Bog    Tmut/Pois      #.........   100%        6
 Freezing Cloud           Conj/Ice/Air   #.........   100%        6
 Hydra Form               Tmut           #.........   100%        6
 Invisibility             Hex            #.......     100%        6
 Iron Shot                Conj/Erth      #.........   100%        6
 Ozocubu's Refrigeration  Ice            #.........   100%        6
 Simulacrum               Ice/Necr       #.........   100%        6
 Starburst                Conj/Fire      #.........   100%        6
 Dragon Form              Tmut           #.........   100%        7
 Malign Gateway           Summ/Tloc      #.........   100%        7
 Monstrous Menagerie      Summ           #.........   100%        7
 Orb of Destruction       Conj           #.........   100%        7
 Spellforged Servitor     Conj/Summ      #.........   100%        7
 Summon Greater Demon     Summ           #.........   100%        7
 Summon Hydra             Summ           #.........   100%        7
 Discord                  Hex            #.........   100%        8
 Disjunction              Tloc           #.........   100%        8
 Ignition                 Fire           #.........   100%        8
 Summon Horrible Things   Summ           #.........   100%        8
 Dragon's Call            Summ           #.........   100%        9
 Shatter                  Erth           #.........   100%        9
 Tornado                  Air            #.........   100%        9
 Sublimation of Blood     Necr           Unusable     N/A         2
 Statue Form              Tmut/Erth      Unusable     N/A         6

Dungeon Overview and Level Annotations

Branches:
Dungeon (15/15)            Temple (1/1) D:5            Lair (6/6) D:8
  Swamp (4/4) Lair:3        Snake (4/4) Lair:3        Slime (5/5) Lair:6
    Orc (2/2) D:11            Elf (3/3) Orc:2        Vaults (5/5) D:14
  Crypt (0/3) Vaults:3     Depths (5/5) D:15            Zot (5/5) Depths:5
Ossuary (visited)           IceCv (visited)          WizLab (visited)
Gauntlet (visited)

Altars:
Ashenzari
Cheibriados
Dithmenos
Elyvilon
Fedhas
Gozag
Hepliaklqana
Kikubaaqudgha
Makhleb
Nemelex Xobeh
Okawaru
Qazlal
Ru
Sif Muna
Trog
Uskayaw
Vehumet
Wu Jian
Xom
Yredelemnul
Zin
The Shining One
Beogh

Shops:
D:10 =   D:15 }:?   Orc:1 :   Orc:2 !**(   Elf:3 }   Snake:1 =}}   Vaults:2 (
Vaults:4 [   Depths:5 (*[[

Portals:
Hell: Depths:1 Depths:2 Depths:3 Depths:4 Depths:5
Abyss: Depths:1 Depths:2 Depths:4
Pandemonium: Depths:3
Ziggurat: Depths:2

Annotations:
D:10 dig to shop


Innate Abilities, Weirdness & Mutations

You are resistant to torment.
Your stone body is resilient. (AC +20)
You are immune to poison.
Your large and strong wings let you fly indefinitely.
You resist negative energy. (rN+)
You are resistant to electric shocks. (rElec)
You can survive without breathing.
You are immune to petrification.
You are immune to rotting.
You are partially covered in rugged brown scales. (AC +1, +3% HP)
You tend to lose your temper in combat.
You can translocate small distances at will.
Scrolls take you longer to read.
Your body sometimes deteriorates upon taking damage.
You are dopey. (Int -2)
You are very frail. (-20% HP)
Your magical capacity is low. (-10% MP)
You are highly strong-willed. (Will++)
You do not regenerate when monsters are visible.
You expend magic power (3 MP) to strengthen your wands.


Message History

You slice the efreet!!
The efreet is severely wounded.
You block the efreet's attack.
A chaos spawn comes into view.
You carve the efreet like a ham!!!
You kill the efreet!
Okawaru accepts your kill.
You feel your strength returning.
There is a stone staircase leading up here.
You see here a +3 scimitar of flaming.
You fly upwards.
There is a stone staircase leading down here.
(D) Dungeon (T) Temple (L) Lair (S) Swamp (P) Snake Pit (M) Slime Pits (O) Orcish Mines (E) Elven Halls (V) Vaults (C) Crypt (U) Depths (H) Hell (Z) Zot
Where to? (Enter - D:1, ? - help) You're already here!
There is a staircase leading out of the dungeon here.
You have escaped!

.##.# #.[.##...........# #######
.##.###...#####.###.##.#
.#.>......# #.......##.#
##..####.## #.#.##..##.#
##..#.)..# #..........# #######
......##.####.......#### #.....#
##.##...........∩....#####.###.##
#........##................# #...
#...............@....####### ####
#...#.##..#.....>....#
##.##.........⌠...⌠..#
.....................#
##.##.##....#........##
##.##.......##........#
.........#####......#[#
.#####.....# #..#.#.#.# ...#
#...[.# #..#...#.#


There were no monsters in sight!

Vanquished Creatures
  Dissolution (Slime:3)
  the Royal Jelly (Slime:5)
  5 ancient liches
  10 orbs of fire
  Mara (Vaults:3)
  A juggernaut (Depths:4)
  Sojobo (Vaults:3)
  Bai Suzhen (Vaults:3)
  Frederick (Vaults:2)
  5 Killer Klowns (Zot:5)
  Saint Roka (Vaults:1)
  Vashnia (Snake:4)
  9 curse toes
  4 caustic shrikes
  7 golden dragons
  A profane servitor (Abyss:1)
  6 bone dragons
  A Tzitzimitl (Zot:5)
  2 electric golems (Zot:5)
  An iron giant (Zot:5)
  A Cloud Mage (WizLab)
  6 liches
  13 tentacled monstrosities
  The ghost of Qehui the Warrior, an adept KoHu of Okawaru (Swamp:3)
  3 deep elf blademasters
  5 titans
  26 Orb Guardians
  9 quicksilver dragons
  3 Executioners
  31 acid blobs
  4 death cobs
  The ghost of korppi the Blocker, an adept DsMo of Okawaru (Swamp:3)
  4 sphinxes
  11 tentacled starspawn
  A thorn hunter (Abyss:4)
  12 tengu reavers
  8 shadow dragons
  Gastronok (Lair:1)
  13 storm dragons
  Kirke (Swamp:2)
  A fenstrider witch (Swamp:2)
  16 azure jellies
  Donald (Swamp:1)
  14 draconian monks
  14 nagarajas
  10 fire giants
  4 iron dragons
  A balrug (Depths:3)
  8 draconian knights
  10 draconian shifters
  10 deep elf sorcerers
  10 draconian scorchers
  A cacodemon (Abyss:1)
  3 angels
  2 ghost moths
  Aizul (Vaults:3)
  6 frost giants
  12 vault wardens
  7 deep elf elementalists
  16 ironheart preservers
  6 orc warlords
  10 draconian stormcallers
  8 draconian annihilators
  2 spriggan defenders (Depths:3)
  15 very ugly things
  2 reapers
  26 stone giants
  2 war gargoyles (Vaults:5)
  15 black draconians
  17 green draconians
  9 deep elf demonologists
  A minotaur (Gauntlet)
  2 bunyips
  5 deep elf annihilators
  14 red draconians
  Nessos (Orc:2)
  19 yellow draconians
  8 spark wasps
  21 white draconians
  12 purple draconians
  The ghost of Tazxata the Slicer, a journeyman VSFi of Wu Jian (Elf:1)
  2 merfolk javelineers
  Snorg (D:11)
  13 ettins
  5 eleionomae
  8 blizzard demons
  4 death oozes
  A shambling mangrove (Swamp:4)
  33 starcursed masses
  5 deep elf death magi
  7 deep elf high priests
  11 fire dragons
  11 yaktaur captains
  3 jiangshi (Depths:1)
  36 naga warriors
  12 rakshasas
  11 boulder beetles
  10 hydras
  13 ice dragons
  2 catoblepae (Lair:6)
  6 ghost crabs
  18 great orbs of eyes
  30 vault guards
  12 anacondas
  9 spriggan air magi
  Erica (D:10)
  4 alligators
  10 centaur warriors
  43 two-headed ogres
  9 deep troll shamans
  A satyr (Abyss:5)
  26 dancing weapons
  2 death knights (Vaults:5)
  3 tengu warriors
  4 vampire magi
  4 hell hogs
  12 deep troll earth magi
  14 ogre magi
  4 spriggan berserkers
  25 naga sharpshooters
  14 shock serpents
  6 orc high priests
  5 thrashing horrors
  11 hell knights
  Nergalle (D:12)
  4 iron trolls
  25 deep elf knights
  A storm dragon zombie (Depths:3)
  4 shadow wraiths
  2 spatial maelstroms
  A sea snake (shapeshifter) (Vaults:3)
  8 wretched stars
  2 sixfirhies
  4 salamander mystics
  9 skeletal warriors
  2 death drakes (WizLab)
  3 goliath frogs
  An entropy weaver zombie (Vaults:3)
  A deep troll (shapeshifter) (Vaults:5)
  A wizard (Vaults:1)
  2 spriggan druids
  11 unseen horrors
  26 deep elf archers
  8 glowing orange brains
  A golden dragon zombie (Depths:4)
  25 deep trolls
  5 flayed ghosts
  14 naga ritualists
  9 ironbrand convokers
  10 necromancers
  3 bog bodies (Swamp:1)
  5 harpies (Vaults:3)
  7 swamp dragons
  A tengu zombie (Vaults:3)
  Pikel (D:7)
  4 wolf spiders
  A phantasmal warrior (Vaults:5)
  A sphinx zombie (Depths:3)
  29 orc knights
  12 mana vipers
  4 lindwurms (Lair:6)
  3 golden dragon skeletons
  45 ugly things
  82 deep elf magi
  A fire giant zombie (Depths:4)
  A salamander (shapeshifter) (Vaults:4)
  14 salamanders
  10 orc sorcerers
  A wolf spider zombie (D:13)
  6 worldbinders
  6 shining eyes
  3 manticores
  A tengu skeleton (Depths:4)
  4 will-o-the-wisps
  2 cyclopes
  A faun (shapeshifter) (Elf:1)
  30 moths of wrath
  14 guardian serpents
  A rust devil (Depths:5)
  6 elephants
  50 black mambas
  A water nymph (Abyss:4)
  19 naga magi
  2 ice statues (IceCv)
  18 vault sentinels
  2 frost giant skeletons
  An elf zombie (Depths:3)
  5 eyes of devastation
  14 apocalypse crabs
  3 orange demons
  3 rime drakes
  7 torpor snails
  13 cane toads
  3 smoke demons
  2 efreet
  9 komodo dragons
  44 yaktaurs
  2 anaconda simulacra (IceCv)
  11 ice devils
  2 demonic crawlers
  2 tormentors
  13 freezing wraiths
  A human skeleton (Vaults:3)
  4 hellwings
  A guardian mummy (Depths:3)
  A queen bee (Gauntlet)
  17 ancient zymes
  A red devil (Abyss:1)
  A tengu conjurer (Depths:1)
  A jumping spider (shapeshifter) (Vaults:3)
  A meliai (shapeshifter) (Vaults:4)
  19 trolls
  A bloated husk (Swamp:1)
  A shadow dragon simulacrum (Vaults:5)
  A wind drake (WizLab)
  22 hornets
  7 polar bears
  2 wind drakes (shapeshifter)
  117 slime creatures
  30 raiju
  10 tyrant leeches
  A slime creature (shapeshifter) (Elf:1)
  15 blink frogs
  15 dream sheep
  A dream sheep (shapeshifter) (Vaults:5)
  A frost giant simulacrum (Depths:3)
  8 water elementals
  Sigmund (D:3)
  2 shadows (Abyss:3)
  A vampire (D:12)
  A redback (shapeshifter) (Vaults:3)
  54 yaks
  A tarantella (shapeshifter) (Vaults:3)
  6 wraiths
  An elf simulacrum (Depths:4)
  11 air elementals
  11 wyverns
  4 ynoxinuls
  14 spriggans
  2 yaks (shapeshifter)
  A black mamba skeleton (Abyss:3)
  A basilisk (shapeshifter) (Depths:4)
  26 small abominations
  A fire elemental (Elf:2)
  10 golden eyes
  32 large abominations
  3 basilisks
  3 hogs (Swamp:2)
  8 vampire mosquitoes
  7 neqoxecs
  2 swamp worm simulacra (Swamp:4)
  7 chaos spawn
  Edmund (D:6)
  3 harpy simulacra (IceCv)
  5 human zombies
  Menkaure (D:4)
  A swamp worm (shapeshifter) (Vaults:4)
  73 nagas
  13 water moccasins
  20 swamp worms
  An insubstantial wisp (Abyss:3)
  10 wargs
  8 acid dragons
  15 hydra simulacra
  Duvessa (D:6)
  8 hell hounds
  An iron troll simulacrum (IceCv)
  A soldier ant (shapeshifter) (Vaults:2)
  A floating eye (Depths:2)
  87 orc warriors
  5 ice beasts
  2 swamp drakes (Swamp:1)
  A sky beast (shapeshifter) (Vaults:4)
  3 black bears
  Purgy (D:3)
  A necrophage (D:14)
  3 phantoms
  9 eyes of draining
  7 sky beasts
  41 ogres
  21 centaurs
  6 boggarts
  An eye of draining (shapeshifter) (Abyss:3)
  21 wolves
  3 big kobolds
  Blork the orc (D:6)
  2 earth elementals (Elf:3)
  A gnoll sergeant (D:8)
  10 bullfrogs
  A wyvern zombie (D:10)
  Dowan (D:6)
  3 water moccasin zombies (Ossuary)
  A wyvern skeleton (D:9)
  A scorpion (D:9)
  11 killer bees
  2 electric eels
  9 wights
  5 howler monkeys
  A vampire bat (D:9)
  A centaur zombie (D:11)
  2 quasits
  10 jellies
  10 hounds
  51 orc priests
  6 centaur skeletons
  2 iron imps (Abyss:3)
  Jessica (D:3)
  4 iguanas
  Natasha (thrice) (D:3)
  Terence (D:3)
  7 hell rats (Lair:4)
  24 orc wizards
  11 worker ants
  A big kobold zombie (Ossuary)
  A hound zombie (D:10)
  2 mummies (Ossuary)
  2 worker ant zombies
  Robin (D:2)
  12 adders
  10 gnolls
  5 shadow imps
  5 white imps
  5 ufetubi
  2 oozes (Lair:6)
  6 swamp drake simulacra (Swamp:4)
  3 adder skeletons
  10 adder zombies
  7 worms
  3 dart slugs (D:1)
  7 leopard geckos
  171 orcs
  9 bats
  4 bat skeletons (D:9)
  A bat zombie (D:9)
  7 giant cockroaches
  17 goblins
  12 hobgoblins
  15 jackals
  12 kobolds
  3 quokkas
  2 ball pythons
  6 frilled lizards
  8 hobgoblin zombies (Ossuary)
  A jackal zombie (D:9)
  5 kobold zombies (Ossuary)
  6 orc zombies (Ossuary)
  7 rats
  4 crawling corpses
  A lurking horror (Abyss:5)
  12 starspawn tentacles
3154 creatures vanquished.

Vanquished Creatures (collateral kills)
  A deep elf high priest (Elf:3)
  A dancing weapon (Elf:3)
2 creatures vanquished.

Vanquished Creatures (others)
  A juggernaut (Depths:4)
  A golden dragon (Depths:4)
  A death cob (Zot:3)
  A fire giant (Vaults:3)
  A very ugly thing (Depths:2)
  2 ironheart preservers
  A deep elf demonologist (Elf:1)
  A purple draconian (Zot:1)
  A fire dragon (Depths:1)
  2 naga warriors (Snake:4)
  A hydra (Swamp:1)
  A spriggan air mage (WizLab)
  A dancing weapon (Elf:1)
  A deep troll earth mage (Depths:4)
  A hell hog (Abyss:4)
  A naga sharpshooter (Snake:4)
  A shadow wraith (Vaults:3)
  A death drake (WizLab)
  An ugly thing (Depths:2)
  A deep elf mage (Elf:1)
  A slime creature (Depths:2)
  2 bloated husks
  A tyrant leech (Swamp:3)
  A raiju (Abyss:5)
  An air elemental (WizLab)
  A vampire mosquito (Swamp:1)
  2 nagas (Snake:4)
  A hydra simulacrum (Swamp:4)
  A small abomination (Abyss:5)
  An orc (Elf:1)
  A bush (Snake:1)
  8 demonic plants
  28 foxfires
  51 fungi
  A lurking horror (Abyss:5)
  94 plants
  20 starspawn tentacles
237 creatures vanquished.

Grand Total: 3393 creatures vanquished

Notes
Turn   | Place    | Note
-------+----------+-------------------------------------------
     0 | D:1      | passata the Gargoyle Fighter began the quest for the Orb.
     0 | D:1      | Reached XP level 1. HP: 14/14 MP: 1/1
   145 | D:1      | Reached XP level 2. HP: 19/19 MP: 2/2
   255 | D:1      | Reached skill level 1 in Stealth
   669 | D:1      | Reached XP level 3. HP: 23/23 MP: 3/3
  1074 | D:2      | Reached XP level 4. HP: 28/29 MP: 4/4
  1192 | D:2      | Noticed Robin
  1425 | D:2      | Killed Robin
  1737 | D:3      | Noticed Natasha
  1751 | D:3      | Killed Natasha
  1752 | D:3      | Reached XP level 5. HP: 24/33 MP: 5/5
  1910 | D:3      | Noticed Natasha
  1920 | D:3      | Killed Natasha
  2007 | D:3      | Noticed Terence
  2020 | D:3      | Killed Terence
  2050 | D:3      | Found an iron altar of Okawaru.
  2054 | D:3      | Noticed Sigmund
  2068 | D:3      | Reached skill level 4 in Shields
  2093 | D:3      | Killed Sigmund
  2094 | D:3      | Reached skill level 1 in Throwing
  2094 | D:3      | Reached skill level 1 in Dodging
  2094 | D:3      | Reached XP level 6. HP: 20/38 MP: 6/6
  2241 | D:3      | Became a worshipper of Warmaster Okawaru
  2313 | D:3      | Found a shadowy altar of Dithmenos.
  2334 | D:3      | Noticed Jessica
  2335 | D:3      | Noticed Purgy
  2355 | D:3      | Killed Jessica
  2369 | D:3      | Killed Purgy
  2370 | D:3      | Reached XP level 7. HP: 41/44 MP: 7/7
  2496 | D:3      | Noticed Natasha
  2514 | D:3      | Killed Natasha
  3695 | D:4      | Reached * piety under Okawaru
  3738 | D:4      | Got a masterwork hand axe
  3757 | D:4      | Noticed Menkaure
  3769 | D:3      | Identified the +1 hand axe of Disorder {antimagic, rF+
                  | Int+4} (You found it on level 4 of the Dungeon)
  3789 | D:4      | Killed Menkaure
  3790 | D:4      | Reached XP level 8. HP: 48/48 MP: 2/8
  4014 | D:4      | Found a stormy altar of Qazlal.
  4111 | D:5      | Entered Level 5 of the Dungeon
  4275 | D:5      | Reached skill level 5 in Fighting
  4293 | D:5      | Reached skill level 5 in Shields
  4463 | D:5      | Found a glowing golden altar of the Shining One.
  4506 | D:5      | Reached skill level 5 in Armour
  4546 | D:5      | Found a shimmering altar of Xom.
  4875 | D:5      | Found a staircase to the Ecumenical Temple.
  4884 | Temple   | Entered the Ecumenical Temple
  5148 | D:5      | Reached ** piety under Okawaru
  5671 | D:6      | Reached skill level 5 in Stealth
  5716 | D:6      | Gained mutation: Your magical capacity is low. (-10% MP)
                  | [potion of mutation]
  5716 | D:6      | Gained mutation: You are agile. (Dex +2) [potion of
                  | mutation]
  5716 | D:6      | Gained mutation: You are partially covered in rugged brown
                  | scales. (AC +1, +3% HP) [potion of mutation]
  6233 | D:6      | Noticed Duvessa
  6234 | D:6      | Noticed Dowan
  6262 | D:6      | Killed Duvessa
  6263 | D:6      | Reached XP level 9. HP: 54/56 MP: 8/8
  6274 | D:6      | Killed Dowan
  6275 | D:6      | Reached skill level 6 in Shields
  6294 | D:6      | Found a sand-covered staircase.
  6300 | Ossuary  | Entered an ossuary
  6523 | D:6      | Noticed Edmund
  6546 | D:6      | Killed Edmund
  6655 | D:6      | Reached skill level 5 in Axes
  6729 | D:6      | Noticed Blork the orc
  6739 | D:6      | Killed Blork the orc
  6896 | D:6      | Reached *** piety under Okawaru
  7085 | D:6      | Found a shimmering blue altar of Sif Muna.
  7517 | D:7      | Got a tattered robe
  7539 | D:7      | Identified the cursed +0 robe "Iladwagg" {*Slow rElec Str+2
                  | Dex+5} (You found it on level 7 of the Dungeon)
  7631 | D:7      | Noticed Pikel
  7654 | D:7      | Killed Pikel
  7655 | D:7      | Reached skill level 7 in Shields
  7655 | D:7      | Reached XP level 10. HP: 49/64 MP: 9/9
  8131 | D:7      | Found a glowing silver altar of Zin.
  9082 | D:8      | Reached **** piety under Okawaru
  9341 | D:8      | Found a staircase to the Lair.
  9992 | D:8      | Found a burning altar of Makhleb.
 10007 | D:8      | Reached skill level 8 in Shields
 10348 | D:9      | Found an ancient bone altar of Kikubaaqudgha.
 10448 | D:9      | Noticed a two-headed ogre
 10478 | D:9      | Killed a two-headed ogre
 10702 | D:9      | Noticed a five-headed hydra
 10710 | D:9      | Killed a five-headed hydra
 10710 | D:9      | Reached ***** piety under Okawaru
 10711 | D:9      | Reached XP level 11. HP: 60/71 MP: 9/9
 11391 | D:10     | Entered Level 10 of the Dungeon
 11446 | D:10     | Noticed Erica
 11471 | D:10     | Killed Erica
 11471 | D:10     | Received a gift from Okawaru
 11472 | D:10     | Reached skill level 9 in Shields
 11504 | D:10     | Got a jewelled broad axe {god gift}
 11504 | D:10     | Identified the +4 broad axe of Invincibility {drain, rPois}
                  | (Okawaru gifted it to you on level 10 of the Dungeon)
 11757 | D:10     | Found Wofaff's Jewellery Emporium.
 12192 | D:11     | Noticed a green ugly thing
 12204 | D:10     | Killed a green ugly thing
 12274 | D:11     | Noticed Snorg
 12315 | D:10     | Killed an unseen horror
 12407 | D:11     | Killed Snorg
 12407 | D:11     | Received a gift from Okawaru
 12542 | D:11     | Killed an unseen horror
 12576 | D:11     | Found a shimmering altar of Xom.
 12576 | D:11     | Found a shimmering altar of Xom.
 12576 | D:11     | Found a shimmering altar of Xom.
 12578 | D:11     | Found a shimmering altar of Xom.
 12578 | D:11     | Found a shimmering altar of Xom.
 12720 | D:11     | Reached XP level 12. HP: 79/79 MP: 10/10
 12773 | D:11     | Reached skill level 10 in Shields
 12931 | D:11     | Reached skill level 10 in Fighting
 12956 | D:11     | Reached skill level 10 in Armour
 13041 | D:11     | Noticed a two-headed ogre
 13052 | D:11     | Killed a two-headed ogre
 13081 | D:11     | Reached skill level 5 in Dodging
 13280 | D:11     | Found a glowing silver altar of Zin.
 13292 | D:11     | Found a staircase to the Orcish Mines.
 13301 | D:11     | Found a roughly hewn altar of Beogh.
 14250 | Lair:1   | Entered Level 1 of the Lair of Beasts
 14310 | Lair:1   | Found a white marble altar of Elyvilon.
 14313 | Lair:1   | Noticed Gastronok
 14327 | Lair:1   | Killed Gastronok
 14327 | Lair:1   | Reached ****** piety under Okawaru
 14327 | Lair:1   | Received a gift from Okawaru
 14327 | Lair:1   | Received a gift from Okawaru
 14338 | Lair:1   | Got a pair of distressingly furry boots {god gift}
 14343 | Lair:1   | Identified the +0 pair of boots of the Dungeon {rN+}
                  | (Okawaru gifted it to you on level 1 of the Lair of Beasts)
 14372 | Lair:1   | You fall into a shaft and drop 1 floor!
 14873 | Lair:3   | Reached skill level 11 in Shields
 14879 | Lair:3   | Reached XP level 13. HP: 60/86 MP: 11/11
 15034 | Lair:4   | Received a gift from Okawaru
 15068 | Lair:5   | Found a burning altar of Makhleb.
 15209 | Lair:5   | Received a gift from Okawaru
 15292 | Lair:5   | Received a gift from Okawaru
 15704 | Lair:6   | Entered Level 6 of the Lair of Beasts
 15983 | Lair:6   | Found a staircase to the Slime Pits.
 16104 | Lair:6   | Reached skill level 10 in Axes
 16245 | Lair:6   | Reached skill level 12 in Shields
 16360 | Lair:6   | Received a gift from Okawaru
 16366 | Lair:6   | Got a fine morningstar {god gift}
 16366 | Lair:6   | Identified the +6 morningstar of the Mind {vorpal, *Slow
                  | +Inv Str+6 Stlth-} (Okawaru gifted it to you on level 6 of
                  | the Lair of Beasts)
 16372 | Lair:6   | Found a blossoming altar of Fedhas.
 16649 | Lair:6   | Gained mutation: Your large and strong wings let you fly
                  | indefinitely. [Gargoyle growth]
 16649 | Lair:6   | Reached XP level 14. HP: 91/94 MP: 4/12
 16715 | Lair:6   | Found the +6 arbalest "Damnation" {damnation}
 16835 | Lair:6   | HP: 1/141 [lindwurm/blast of flame (25)]
 17322 | Lair:6   | Got a steaming long sword
 17322 | Lair:6   | Identified the cursed +0 long sword "Xodeer" {antimagic,
                  | rElec} (You found it on level 6 of the Lair of Beasts)
 17540 | Lair:6   | Found a runed translucent door.
 17549 | Lair:6   | Reached skill level 1 in Invocations
 17609 | Lair:6   | Received a gift from Okawaru
 17644 | Lair:6   | Got an encrusted broad axe {god gift}
 17644 | Lair:6   | Identified the +6 broad axe "Zocraj" {vorpal, *Slow Str+6}
                  | (Okawaru gifted it to you on level 6 of the Lair of Beasts)
 17797 | Lair:6   | Reached skill level 5 in Invocations
 18735 | Lair:3   | Got a jewelled ring mail
 18740 | Lair:3   | Identified the +1 ring mail of Resonance {Int+2} (You found
                  | it on level 3 of the Lair of Beasts)
 18801 | Lair:3   | Found a staircase to the Snake Pit.
 18810 | Lair:3   | Received a gift from Okawaru
 19004 | Lair:3   | Found a blossoming altar of Fedhas.
 19108 | Lair:3   | Found a staircase to the Swamp.
 19407 | Lair:3   | Received a gift from Okawaru
 20118 | Lair:1   | Received a gift from Okawaru
 21081 | D:12     | Reached XP level 15. HP: 99/99 MP: 18/18
 21087 | D:12     | Found a gate leading to a gauntlet.
 21104 | Gauntlet | Entered a Gauntlet
 21104 | Gauntlet | Found a transporter.
 21104 | Gauntlet | Found a transporter.
 21109 | Gauntlet | Found a transporter.
 21124 | Gauntlet | Found a transporter.
 21126 | Gauntlet | Found a large runed translucent door.
 21126 | Gauntlet | Found a large runed translucent door.
 21127 | Gauntlet | Found a large runed translucent door.
 21127 | Gauntlet | Found a large runed translucent door.
 21128 | Gauntlet | Found a runed translucent door.
 21128 | Gauntlet | Found a large runed translucent door.
 21128 | Gauntlet | Found a large runed translucent door.
 21128 | Gauntlet | Found a runed translucent door.
 21128 | Gauntlet | Found a large runed translucent door.
 21128 | Gauntlet | Found a large runed translucent door.
 21129 | Gauntlet | Found a large runed translucent door.
 21129 | Gauntlet | Found a large runed translucent door.
 21132 | Gauntlet | Found a large runed translucent door.
 21132 | Gauntlet | Found a large runed translucent door.
 21134 | Gauntlet | Found a large runed translucent door.
 21134 | Gauntlet | Found a large runed translucent door.
 21134 | Gauntlet | Found a large runed translucent door.
 21136 | Gauntlet | Found a runed translucent gate.
 21136 | Gauntlet | Found a runed translucent gate.
 21136 | Gauntlet | Found a runed translucent gate.
 21138 | Gauntlet | Found a transporter.
 21149 | Gauntlet | Found a large runed translucent door.
 21151 | Gauntlet | Found a transporter.
 21239 | Gauntlet | Found a transporter.
 21249 | Gauntlet | Found the +3 pair of gauntlets of War {Slay+5}
 21254 | Gauntlet | Found a transporter.
 21268 | Gauntlet | Found a transporter.
 21281 | Gauntlet | Found a transporter.
 21297 | Gauntlet | Found a transporter.
 21364 | Gauntlet | Found a transporter.
 21374 | Gauntlet | Found a transporter.
 21382 | Gauntlet | Found a transporter.
 21384 | Gauntlet | Found a transporter.
 21408 | Gauntlet | Found a transporter.
 21824 | Gauntlet | Reached skill level 13 in Shields
 21841 | Gauntlet | Got a pair of twisted boots
 21851 | Gauntlet | Identified the +5 pair of boots "Ybamet" {rPois Will+} (You
                  | found it in a Gauntlet)
 21944 | Gauntlet | Identified the Tome of Cankerous Air
 21947 | Gauntlet | Identified Wusonuit's Handbook of Execration
 22180 | D:12     | Identified the +2 dagger of Wounding {freeze, rElec Will+
                  | Str+2 Int+3}
 22396 | D:12     | Noticed Nergalle
 22413 | D:12     | Killed Nergalle
 22459 | D:12     | Received a gift from Okawaru
 22666 | Orc:1    | Entered Level 1 of the Orcish Mines
 22834 | Orc:1    | Received a gift from Okawaru
 23195 | Orc:1    | Found a radiant altar of Vehumet.
 23254 | Orc:1    | Reached skill level 1 in Evocations
 23317 | Orc:1    | Noticed an orc warlord
 23364 | Orc:1    | Killed an orc warlord
 23558 | Orc:1    | Noticed an orc warlord
 23580 | Orc:1    | Killed an orc warlord
 23693 | Orc:1    | Gained mutation: Your spells are a little easier to cast,
                  | but a little less powerful. [a neqoxec]
 23744 | Orc:1    | Found Nogiev's Book Shop.
 23859 | Orc:1    | Found a roughly hewn altar of Beogh.
 24181 | Orc:2    | Entered Level 2 of the Orcish Mines
 24374 | Orc:2    | Found Joolemyn's Antique Weapon Emporium.
 24432 | Orc:2    | Found Qopn's Assorted Antiques.
 24447 | Orc:2    | Bought a white potion for 20 gold pieces
 24633 | Orc:2    | Noticed an orc warlord
 24641 | Orc:2    | Killed an orc warlord
 24824 | Orc:2    | Found a staircase to the Elven Halls.
 24894 | Orc:2    | Reached XP level 16. HP: 70/108 MP: 20/20
 25332 | Orc:2    | Received a gift from Okawaru
 25530 | Orc:2    | Found Polothruo's Distillery.
 25836 | Orc:2    | Noticed Nessos
 25842 | Orc:2    | Killed Nessos
 25877 | Orc:2    | Found Tukies's General Store.
 26027 | Orc:2    | Found a roughly hewn altar of Beogh.
 26316 | Orc:2    | Found a roughly hewn altar of Beogh.
 26959 | D:13     | Reached skill level 14 in Shields
 27956 | D:14     | Reached skill level 5 in Throwing
 28226 | D:14     | Found a gate to the Vaults.
 28445 | D:14     | Received a gift from Okawaru
 28549 | D:15     | Entered Level 15 of the Dungeon
 28578 | D:15     | Found Ivoikk's Magic Scroll Shoppe.
 28585 | D:15     | Bought a scroll of torment for 127 gold pieces
 28585 | D:15     | Bought a scroll of noise for 17 gold pieces
 28679 | D:15     | Found a staircase to the Depths.
 28919 | D:15     | Found Bongotz's Book Emporium.
 28930 | D:15     | Found Soyre's Gadget Shop.
 29472 | D:15     | Learned a level 4 spell: Animate Dead
 29735 | Snake:1  | Entered Level 1 of the Snake Pit
 29873 | Snake:1  | Reached XP level 17. HP: 79/115 MP: 21/21
 30263 | Snake:1  | Reached skill level 1 in Necromancy
 30600 | Snake:1  | Found Fupoc's Gadget Shop.
 30601 | Snake:1  | Found Ridubont's Jewellery Shoppe.
 30602 | Snake:1  | Found Jaos's Gadget Shop.
 30621 | Snake:1  | Bought an uncursed amulet of faith for 600 gold pieces
 30656 | Snake:1  | Received a gift from Okawaru
 30671 | Snake:1  | Got a transparent helmet {god gift}
 30676 | Snake:1  | Identified the +1 helmet "Riotoveg" {rElec rN+ Regen+
                  | Stlth-} (Okawaru gifted it to you on level 1 of the Snake
                  | Pit)
 32507 | Snake:3  | Got a fading broad axe
 32507 | Snake:3  | Identified the +7 broad axe "Koveutex" {vamp, +Blink} (You
                  | found it on level 3 of the Snake Pit)
 32729 | Snake:3  | Reached skill level 15 in Armour
 32732 | Snake:3  | Reached skill level 15 in Shields
 32992 | Snake:3  | Reached skill level 15 in Fighting
 33134 | Snake:3  | Received a gift from Okawaru
 33211 | Snake:3  | Received a gift from Okawaru
 33212 | Snake:3  | Reached XP level 18. HP: 122/122 MP: 22/22
 33423 | Snake:4  | Entered Level 4 of the Snake Pit
 33506 | Snake:4  | Received a gift from Okawaru
 33523 | Snake:4  | Got an iridescent hand axe {god gift}
 33523 | Snake:4  | Identified the +10 hand axe of the Skies Above {drain,
                  | Int+4 Dex+5} (Okawaru gifted it to you on level 4 of the
                  | Snake Pit)
 33687 | Snake:4  | Noticed Vashnia
 33726 | Snake:4  | Reached skill level 10 in Invocations
 33735 | Snake:4  | Killed Vashnia
 33794 | Snake:4  | Received a gift from Okawaru
 33895 | Snake:4  | Reached skill level 10 in Throwing
 33905 | Snake:4  | Received a gift from Okawaru
 33927 | Snake:4  | Received a gift from Okawaru
 34013 | Snake:4  | Received a gift from Okawaru
 34036 | Snake:4  | Received a gift from Okawaru
 34076 | Snake:4  | Received a gift from Okawaru
 34077 | Snake:4  | Reached XP level 19. HP: 128/128 MP: 24/24
 34762 | Snake:4  | Got a serpentine rune of Zot
 35126 | Swamp:1  | Entered Level 1 of the Swamp
 35191 | Swamp:1  | Received a gift from Okawaru
 35421 | Swamp:1  | Identified a scroll of acquirement
 35707 | Swamp:1  | Noticed Donald
 35732 | Swamp:1  | Killed Donald
 35732 | Swamp:1  | Received a gift from Okawaru
 35962 | Swamp:2  | Received a gift from Okawaru
 36252 | Swamp:2  | Noticed Kirke
 36263 | Swamp:2  | Killed Kirke
 36433 | Swamp:3  | Found a frozen archway.
 36443 | Swamp:3  | Received a gift from Okawaru
 36531 | IceCv    | Entered an ice cave
 37368 | Swamp:3  | Found a runed translucent gate.
 37368 | Swamp:3  | Found a runed translucent gate.
 37368 | Swamp:3  | Found a runed translucent gate.
 37388 | Swamp:3  | Noticed korppi's ghost (adept DsMo)
 37389 | Swamp:3  | Noticed Qehui's ghost (adept KoHu)
 37624 | Swamp:3  | Killed korppi's ghost
 37625 | Swamp:3  | Reached XP level 20. HP: 124/135 MP: 19/25
 37643 | Swamp:3  | Killed Qehui's ghost
 37643 | Swamp:3  | Received a gift from Okawaru
 37647 | Swamp:3  | Got a crude hand crossbow {god gift}
 37647 | Swamp:3  | Identified the +3 hand crossbow "Wyunet" {venom, Stlth+}
                  | (Okawaru gifted it to you on level 3 of the Swamp)
 37718 | Swamp:4  | Entered Level 4 of the Swamp
 37898 | Swamp:4  | Reached skill level 5 in Necromancy
 37939 | Swamp:4  | Got a decaying rune of Zot
 38263 | Swamp:4  | Received a gift from Okawaru
 38942 | Elf:1    | Entered Level 1 of the Elven Halls
 38980 | Elf:1    | You are sucked into a shaft and drop 1 floor!
 39028 | Elf:2    | Found a runed translucent gate.
 39028 | Elf:2    | Found a runed translucent gate.
 39029 | Elf:2    | Found a runed translucent gate.
 39263 | Elf:2    | Received a gift from Okawaru
 39572 | Elf:2    | Received a gift from Okawaru
 39737 | Elf:2    | Got a shimmering shortbow
 39737 | Elf:2    | Identified the +10 shortbow of the Gloaming {speed, SInv}
                  | (You found it on level 2 of the Elven Halls)
 40167 | Elf:1    | Received a gift from Okawaru
 40277 | Elf:1    | Noticed Tazxata's ghost (journeyman VSFi)
 40295 | Elf:1    | Found a transporter.
 40313 | Elf:1    | Reached XP level 21. HP: 143/143 MP: 26/26
 40315 | Elf:1    | Received a gift from Okawaru
 40375 | Elf:1    | Found a transporter.
 40383 | Elf:1    | Received a gift from Okawaru
 40386 | Elf:1    | Found a runed translucent gate.
 40386 | Elf:1    | Found a runed translucent gate.
 40386 | Elf:1    | Found a runed translucent gate.
 40386 | Elf:1    | Found a runed translucent gate.
 40386 | Elf:1    | Found a runed translucent gate.
 40867 | Elf:1    | Found a runed translucent gate.
 40921 | Elf:1    | Received a gift from Okawaru
 41275 | Elf:1    | Reached skill level 10 in Dodging
 41279 | Elf:1    | Reached skill level 15 in Axes
 41295 | Elf:1    | Killed Tazxata's ghost
 41354 | Elf:1    | Got a polished long sword
 41354 | Elf:1    | Identified the cursed +3 long sword "Wagueram" {holy, rElec
                  | Will+ SInv Stlth-} (You found it on level 1 of the Elven
                  | Halls)
 41415 | Elf:3    | Entered Level 3 of the Elven Halls
 41437 | Elf:3    | Found Kawki's Gadget Shoppe.
 41913 | Elf:3    | Received a gift from Okawaru
 41993 | Elf:3    | Identified the +10 morningstar of Fundamental Breach {vamp,
                  | rElec rF+}
 42265 | Elf:3    | Got an iridescent hunting sling
 42265 | Elf:3    | Identified the +3 hunting sling of Soriseba {vorpal, Str+4}
                  | (You found it on level 3 of the Elven Halls)
 42308 | Elf:3    | Identified the Volume of Conjuration
 42329 | Elf:3    | Got an ancient shortbow
 42329 | Elf:3    | Identified the +10 shortbow of the Median {vorpal, rF+}
                  | (You found it on level 3 of the Elven Halls)
 42377 | Elf:3    | Received a gift from Okawaru
 42713 | Elf:3    | Got a transparent hand crossbow
 42713 | Elf:3    | Identified the +6 hand crossbow of a Labyrinth {freeze,
                  | Str+5} (You found it on level 3 of the Elven Halls)
 42738 | Elf:3    | Got a blackened ring mail
 42743 | Elf:3    | Identified the cursed +0 ring mail "Trusted Companion" {rN+
                  | Int+7} (You found it on level 3 of the Elven Halls)
 43017 | Vaults:1 | Entered Level 1 of the Vaults
 43487 | Vaults:1 | Received a gift from Okawaru
 43787 | Vaults:1 | Received a gift from Okawaru
 43801 | Vaults:1 | Reached XP level 22. HP: 151/151 MP: 28/28
 43956 | Vaults:1 | Noticed Saint Roka
 43988 | Vaults:1 | Killed Saint Roka
 44764 | Vaults:2 | Found a magical portal.
 44779 | WizLab   | Entered The Chambers of the Cloud Mage
 44852 | WizLab   | Received a gift from Okawaru
 45134 | WizLab   | Paralysed by you for 2 turns
 45137 | WizLab   | Lost mutation: You are agile. (Dex +2) [mutagenic glow]
 45218 | WizLab   | Received a gift from Okawaru
 45271 | WizLab   | Identified the Collected Works on Feathers
 45283 | WizLab   | Got a warped ring mail
 45293 | WizLab   | Identified the cursed +0 ring mail "Mic Goyc" {Stlth+} (You
                  | found it in a wizard's laboratory)
 45567 | Vaults:2 | Received a gift from Okawaru
 45580 | Vaults:2 | Got a fading cloak {god gift}
 45590 | Vaults:2 | Identified the +0 cloak of the Cockroach {rElec rC+ Will+}
                  | (Okawaru gifted it to you on level 2 of the Vaults)
 45955 | Vaults:2 | Identified the cursed +1 robe of Cyfuxt Naive {Str+4 Int-4
                  | Dex+5 Stlth-}
 45962 | Vaults:2 | Noticed Frederick
 45985 | Vaults:2 | Killed Frederick
 46025 | Vaults:2 | Found Athrou's Weapon Boutique.
 46437 | Vaults:3 | Noticed Bai Suzhen
 46451 | Vaults:3 | Killed Bai Suzhen
 46566 | Vaults:3 | Noticed Mara
 46587 | Vaults:3 | Noticed passata's illusion
 46606 | Vaults:3 | Killed Mara
 46606 | Vaults:3 | Received a gift from Okawaru
 46620 | Vaults:3 | Reached XP level 23. HP: 157/157 MP: 29/29
 46623 | Vaults:3 | Received a gift from Okawaru
 46790 | Vaults:3 | Found a shimmering blue altar of Sif Muna.
 46878 | Vaults:3 | Received a gift from Okawaru
 46898 | Vaults:3 | Got a steaming ring mail {god gift}
 46908 | Vaults:3 | Identified the +5 ring mail "Eloso" {Str+5} (Okawaru gifted
                  | it to you on level 3 of the Vaults)
 46923 | Vaults:3 | Noticed Sojobo
 46956 | Vaults:3 | Killed Sojobo
 46958 | Vaults:3 | Reached skill level 16 in Shields
 47019 | Vaults:3 | Cast into level 3 of the Abyss (vault warden)
 47031 | Vaults:3 | Escaped the Abyss
 47042 | Vaults:3 | Noticed Aizul
 47052 | Vaults:3 | Killed Aizul
 47203 | Vaults:3 | Found the +10 zealot's sword {holy, *Rage rN+ EV+3}
 47528 | Vaults:3 | Found a staircase to the Crypt.
 47956 | Vaults:4 | Received a gift from Okawaru
 48026 | Vaults:4 | Reached skill level 15 in Throwing
 48332 | Vaults:4 | Identified the cursed +0 leather armour of a volcano
                  | {*Drain rElec Str+3 Dex+2} (You found it on level 4 of the
                  | Vaults)
 48617 | Vaults:4 | Found Nomann's Antique Armour Shoppe.
 48786 | Vaults:4 | Reached XP level 24. HP: 164/164 MP: 29/29
 49219 | Vaults:4 | Bought a glowing cloak for 202 gold pieces
 49246 | Vaults:4 | Bought a heavily runed chain mail for 256 gold pieces
 49259 | Vaults:4 | Identified the +4 chain mail of Instinct {*Slow rPois rCorr
                  | MP+9} (You bought it in a shop on level 4 of the Vaults)
 49470 | Depths:1 | Entered Level 1 of the Depths
 49517 | Depths:1 | Received a gift from Okawaru
 49529 | Depths:1 | Received a gift from Okawaru
 49533 | Depths:1 | Found a one-way gate to the infinite horrors of the Abyss.
 49544 | Depths:1 | Identified the amulet of Lugonu's Hatred {Faith *Corrode
                  | rPois Int+4 SInv}
 49574 | Depths:1 | Got a fine ring mail {god gift}
 49579 | Depths:1 | Identified the +0 ring mail "Mijighah" {Rampage Regen+
                  | SInv} (Okawaru gifted it to you on level 1 of the Depths)
 49997 | Depths:1 | Found a gateway to Hell.
 50375 | Depths:2 | Noticed a caustic shrike
 50388 | Depths:2 | Paralysed by a floating eye for 4 turns
 50393 | Depths:2 | Killed a caustic shrike
 50435 | Depths:2 | Reached skill level 17 in Shields
 50627 | Depths:2 | Received a gift from Okawaru
 50755 | Depths:2 | Received a gift from Okawaru
 50792 | Depths:2 | Found a gateway to a ziggurat.
 51380 | Depths:3 | Cast into level 3 of the Abyss (reaper)
 51574 | Abyss:3  | Reached XP level 25. HP: 147/173 MP: 30/30
 51912 | Depths:3 | Escaped the Abyss
 51948 | Depths:3 | Received a gift from Okawaru
 51970 | Depths:3 | Got a pair of spiked gloves {god gift}
 51980 | Depths:3 | Identified the +0 pair of gloves "Hoatajao" {rPois}
                  | (Okawaru gifted it to you on level 3 of the Depths)
 52024 | Depths:3 | Found a portal to a secret trove of treasure.
 52381 | Depths:3 | Found a one-way gate leading to the halls of Pandemonium.
 52408 | Depths:3 | Got a shimmering buckler
 52413 | Depths:3 | Identified the +3 buckler of the Bulwark {rElec MP+9 Dex-3
                  | Stlth+} (You found it on level 3 of the Depths)
 52635 | Depths:3 | Found a runed translucent door.
 52682 | Depths:3 | Found a runed translucent door.
 52682 | Depths:3 | Noticed an ancient lich
 52683 | Depths:3 | Found the +3 sling "Punk" {acid, rCorr}
 53060 | Depths:3 | Killed an ancient lich
 53243 | Depths:4 | Received a gift from Okawaru
 53259 | Depths:4 | Got a faintly glowing broad axe {god gift}
 53259 | Depths:4 | Identified the +5 broad axe "Arbiter" {freeze, rF- rC+
                  | Will++} (Okawaru gifted it to you on level 4 of the Depths)
 53404 | Depths:4 | Noticed a juggernaut
 53412 | Depths:4 | Killed a juggernaut
 53417 | Depths:4 | Noticed a juggernaut
 53423 | Depths:4 | Received a gift from Okawaru
 53438 | Depths:4 | Killed a juggernaut
 53440 | Depths:4 | HP: 5/174 [deep elf high priest/divine providence (11)]
 53441 | Depths:4 | HP: 1/174 [something (2)]
 53700 | Depths:4 | Reached skill level 18 in Shields
 54139 | Depths:4 | Reached XP level 26. HP: 180/180 MP: 30/30
 54745 | Depths:4 | Received a gift from Okawaru
 54989 | Depths:5 | Entered Level 5 of the Depths
 55214 | Depths:5 | Found Mioric's Armour Emporium.
 55214 | Depths:5 | Found Luamynoh's General Store.
 55215 | Depths:5 | Found Luteol's Weapon Shoppe.
 55241 | Depths:5 | Found Xadgha's Armour Emporium.
 55293 | Depths:5 | Bought a scroll of silence for 127 gold pieces
 55631 | Depths:5 | Found a gate to the Realm of Zot.
 56825 | Swamp:1  | Acquired the ring "Yttoyzerchy" {Dex+3 SInv}
 57282 | Orc:2    | Bought a glowing hand crossbow for 143 gold pieces
 57282 | Orc:2    | Bought a buzzing arbalest for 209 gold pieces
 57285 | Orc:2    | Identified the +7 arbalest of Batees {elec, rElec rN+++
                  | Int-3 Dex-4} (You bought it in a shop on level 2 of the
                  | Orcish Mines)
 57298 | Orc:2    | Bought a hardcover book for 345 gold pieces
 57663 | Vaults:5 | Entered Level 5 of the Vaults
 57682 | Vaults:5 | Received a gift from Okawaru
 57687 | Vaults:5 | Got a smoking broad axe {god gift}
 57808 | Vaults:5 | Received a gift from Okawaru
 57817 | Vaults:5 | Identified the +8 broad axe "Giycec" {vorpal, rC++}
                  | (Okawaru gifted it to you on level 5 of the Vaults)
 57867 | Vaults:5 | Received a gift from Okawaru
 58159 | Vaults:5 | Reached skill level 15 in Invocations
 58210 | Vaults:5 | Reached XP level 27. HP: 183/187 MP: 30/30
 58218 | Vaults:5 | Received a gift from Okawaru
 58221 | Vaults:5 | Got a slimy hand axe {god gift}
 58221 | Vaults:5 | Identified the +7 hand axe of Plunder {vamp, Int+2}
                  | (Okawaru gifted it to you on level 5 of the Vaults)
 58387 | Vaults:5 | Reached skill level 19 in Shields
 58790 | Vaults:5 | Got tiger eye-encrusted gold dragon scales
 58795 | Vaults:5 | Identified the cursed +1 gold dragon scales of Kavaic
                  | {rPois rF+ rC+ Dex+7} (You found it on level 5 of the
                  | Vaults)
 58800 | Vaults:5 | Got an encrusted dagger
 58800 | Vaults:5 | Identified the +8 dagger of Exquisite Torment {antimagic,
                  | rElec SInv Stlth+} (You found it on level 5 of the Vaults)
 59048 | Vaults:5 | Received a gift from Okawaru
 59052 | Vaults:5 | Got a pitted hand axe {god gift}
 59052 | Vaults:5 | Identified the +7 hand axe "Wumewil" {vorpal, Will+ Int+6
                  | Dex+4} (Okawaru gifted it to you on level 5 of the Vaults)
 59165 | Vaults:5 | Got a silver rune of Zot
 59306 | Vaults:5 | Identified the +9 mace of Duty {speed, rF+ Str+5 Int+4
                  | Dex-5}
 59306 | Vaults:5 | Identified the +1 buckler of the Gate {Dex+6}
 59648 | Vaults:5 | Identified the cursed +0 short sword "Mueck" {freeze, rPois
                  | rC+ Will+++ Int+3} (You found it on level 5 of the Vaults)
 59913 | Depths:1 | Voluntarily entered the Abyss.
 60120 | Abyss:2  | Found a corrupted altar of Lugonu.
 60464 | Abyss:2  | Reached skill level 20 in Shields
 60492 | Abyss:2  | Received a gift from Okawaru
 60495 | Abyss:2  | Got a bloodstained war axe {god gift}
 60495 | Abyss:2  | Identified the +3 war axe "Dragonslayer" {freeze, +Blink
                  | Int+4} (Okawaru gifted it to you on level 2 of the Abyss)
 60611 | Abyss:3  | Found a hide-covered altar of Uskayaw.
 60641 | Abyss:3  | Got a dazzling scimitar
 60680 | Abyss:3  | Gained mutation: You are frail. (-10% HP) [a neqoxec]
 60688 | Abyss:3  | Gained mutation: You are very frail. (-20% HP) [a neqoxec]
 60736 | Abyss:3  | Found a corrupted altar of Lugonu.
 60800 | Abyss:3  | Noticed an ancient lich
 60813 | Abyss:3  | Killed an ancient lich
 61060 | Abyss:4  | Reached skill level 21 in Shields
 61065 | Abyss:4  | Received a gift from Okawaru
 61148 | Abyss:5  | Entered Level 5 of the Abyss
 61176 | Abyss:5  | Paralysed by accursed screaming for 1 turns
 61250 | Abyss:5  | Received a gift from Okawaru
 61379 | Abyss:5  | Got an abyssal rune of Zot
 61389 | Abyss:5  | Identified the +3 scimitar "Earthworm" {elec, Will+ Int+2
                  | Dex+4} (You found it on level 3 of the Abyss)
 61401 | Abyss:5  | Received a gift from Okawaru
 61422 | Abyss:5  | Gained mutation: You are extremely frail. (-30% HP) [a
                  | neqoxec]
 61536 | Abyss:5  | Paralysed by accursed screaming for 2 turns
 61552 | Abyss:5  | Reached skill level 22 in Shields
 61562 | Abyss:5  | Paralysed by accursed screaming for 1 turns
 61598 | Depths:1 | Escaped the Abyss
 61805 | Orc:2    | Bought a potion of mutation for 120 gold pieces
 61805 | Orc:2    | Lost mutation: You are extremely frail. (-30% HP) [potion
                  | of mutation]
 61805 | Orc:2    | Lost mutation: Your magical capacity is low. (-10% MP)
                  | [potion of mutation]
 61805 | Orc:2    | Lost mutation: You are very frail. (-20% HP) [potion of
                  | mutation]
 61805 | Orc:2    | Lost mutation: You are frail. (-10% HP) [potion of
                  | mutation]
 61805 | Orc:2    | Gained mutation: You are occasionally teleported next to
                  | monsters. [potion of mutation]
 61805 | Orc:2    | Gained mutation: You are strong-willed. (Will+) [potion of
                  | mutation]
 62309 | Slime:1  | Entered Level 1 of the Pits of Slime
 63350 | Slime:2  | Received a gift from Okawaru
 63370 | Slime:2  | Reached skill level 23 in Shields
 63543 | Slime:2  | Got a pitted ring mail {god gift}
 63553 | Slime:2  | Identified the +2 ring mail "Xumavel" {Int+4} (Okawaru
                  | gifted it to you on level 2 of the Pits of Slime)
 63599 | Slime:2  | You are sucked into a shaft and drop 1 floor!
 63621 | Slime:3  | Noticed Dissolution
 63640 | Slime:3  | Killed Dissolution
 64163 | Slime:2  | Gained mutation: Armour fits poorly on your strangely
                  | shaped body. [a shining eye]
 64479 | Slime:3  | Reached skill level 24 in Shields
 65138 | Slime:4  | Received a gift from Okawaru
 65566 | Slime:4  | Received a gift from Okawaru
 65933 | Slime:5  | Entered Level 5 of the Pits of Slime
 66094 | Slime:5  | Received a gift from Okawaru
 66096 | Slime:5  | Noticed the Royal Jelly
 66155 | Slime:5  | Killed the Royal Jelly
 66156 | Slime:5  | Reached skill level 25 in Shields
 66235 | Slime:5  | Received a gift from Okawaru
 66281 | Slime:5  | Identified the Compendium of Congealing Lightness
 66289 | Slime:5  | Identified the Guide on Translocation and Intoxication
 66305 | Slime:5  | Identified Sif Muna's Incunabulum of Enchantment
 66308 | Slime:5  | Got a slimy rune of Zot
 66322 | Slime:5  | Got a scorched pewter ring
 66327 | Slime:5  | Identified the Grimoire of Doomed Combat Magic
 66367 | Slime:5  | Got a transparent lapis lazuli ring
 66644 | Slime:5  | Identified the ring of Rapnigimu {Str-2 Int+6 Stlth+} (You
                  | found it on level 5 of the Pits of Slime)
 66655 | Slime:5  | Identified the ring of Patience {*Drain rElec rN+ Int+6}
                  | (You found it on level 5 of the Pits of Slime)
 66675 | Slime:5  | Got a fading longbow
 66675 | Slime:5  | Identified the cursed +1 longbow of Ibaitt {vorpal, rElec
                  | rC- Will- Int+9} (You found it on level 5 of the Pits of
                  | Slime)
 67168 | Depths:3 | You paid a toll of 5 potions of resistance to enter a
                  | treasure trove
 67169 | Trove    | Entered a treasure trove
 67177 | Trove    | Got a slimy hand axe
 67177 | Trove    | Identified the +7 hand axe "Nepaf" {venom, rN+ SInv} (You
                  | found it in a treasure trove)
 67181 | Trove    | Got a crude mace
 67183 | Trove    | Got a masterwork war axe
 67188 | Trove    | Got a twisted broad axe
 67190 | Trove    | Got a blackened scimitar
 67194 | Trove    | Got a bloodstained shortbow
 67196 | Trove    | Got an encrusted demon trident
 67198 | Trove    | Got a translucent hunting sling
 67200 | Trove    | Got an encrusted hand axe
 67202 | Trove    | Got a faintly glowing broad axe
 67204 | Trove    | Got a bloodstained broad axe
 67235 | Depths:3 | Identified the +4 mace of Doomed Tenacity {elec, rPois MP+9
                  | Int+2} (You found it in a treasure trove)
 67236 | Depths:3 | Identified the +1 war axe of Nemelex Xobeh's Regard
                  | {freeze, rPois rF++ Int-5 Stlth+} (You found it in a
                  | treasure trove)
 67237 | Depths:3 | Identified the +4 broad axe of Zusut {elec, MP+9 Stlth+}
                  | (You found it in a treasure trove)
 67238 | Depths:3 | Identified the cursed +3 scimitar "Bowuumaucs" {speed,
                  | +Blink rF+ Int+2} (You found it in a treasure trove)
 67240 | Depths:3 | Identified the +2 broad axe of Yrepre {pain, Str+4 Int+2}
                  | (You found it in a treasure trove)
 67241 | Depths:3 | Identified the +3 broad axe of Demonic Fortitude {drain,
                  | +Blink} (You found it in a treasure trove)
 67249 | Depths:3 | Identified the +9 shortbow of Currency {flame, +Fly} (You
                  | found it in a treasure trove)
 67250 | Depths:3 | Identified the +4 demon trident of the Well-Known Lovers
                  | {elec, +Inv +Fly rF- Int+7} (You found it in a treasure
                  | trove)
 67251 | Depths:3 | Identified the +8 hunting sling "Yssuitzi" {venom, rC+
                  | Str+3} (You found it in a treasure trove)
 67252 | Depths:3 | Identified the +5 hand axe of the New World {holy, rC+}
                  | (You found it in a treasure trove)
 68008 | Depths:3 | Lost mutation: You are occasionally teleported next to
                  | monsters. [potion of mutation]
 68008 | Depths:3 | Lost mutation: Armour fits poorly on your strangely shaped
                  | body. [potion of mutation]
 68008 | Depths:3 | Gained mutation: Armour fits poorly on your strangely
                  | shaped body. [potion of mutation]
 68008 | Depths:3 | Gained mutation: You are highly strong-willed. (Will++)
                  | [potion of mutation]
 68348 | Lair:5   | Lost mutation: Armour fits poorly on your strangely shaped
                  | body. [potion of mutation]
 68348 | Lair:5   | Lost mutation: Your spells are a little easier to cast, but
                  | a little less powerful. [potion of mutation]
 68348 | Lair:5   | Lost mutation: You are highly strong-willed. (Will++)
                  | [potion of mutation]
 68348 | Lair:5   | Gained mutation: You tend to lose your temper in combat.
                  | [potion of mutation]
 68348 | Lair:5   | Gained mutation: You are frail. (-10% HP) [potion of
                  | mutation]
 68348 | Lair:5   | Gained mutation: You are highly strong-willed. (Will++)
                  | [potion of mutation]
 68348 | Lair:5   | Gained mutation: You expend magic power (3 MP) to
                  | strengthen your wands. [potion of mutation]
 68666 | Zot:1    | Entered Level 1 of the Realm of Zot
 69295 | Zot:1    | Acquired the +1 pair of gloves "Wix Kowe" {rN+}
 69591 | Zot:2    | Received a gift from Okawaru
 69599 | Zot:2    | Got a masterwork broad axe {god gift}
 69599 | Zot:2    | Identified the +12 broad axe "Ejekh" {pain, rN+ Int+4}
                  | (Okawaru gifted it to you on level 2 of the Realm of Zot)
 70014 | Zot:2    | Received a gift from Okawaru
 70722 | Zot:2    | Noticed an orb of fire
 70724 | Zot:2    | Gained mutation: You do not regenerate when monsters are
                  | visible. [an orb of fire]
 70731 | Zot:2    | Gained mutation: You are very frail. (-20% HP) [an orb of
                  | fire]
 70749 | Zot:2    | Killed an orb of fire
 70991 | Zot:2    | Found a burning altar of Makhleb.
 71138 | Zot:2    | Identified Bocouqon's Almanac of the Zealot
 71243 | Zot:2    | Identified Luysuhia's Volume of Fire and Brimstone
 71376 | Zot:3    | Received a gift from Okawaru
 71550 | Zot:3    | Received a gift from Okawaru
 71648 | Zot:3    | Received a gift from Okawaru
 71855 | Zot:3    | Reached skill level 26 in Shields
 71896 | Zot:3    | Received a gift from Okawaru
 72494 | Zot:4    | Received a gift from Okawaru
 72515 | Zot:4    | Received a gift from Okawaru
 73983 | Zot:4    | Received a gift from Okawaru
 74400 | Zot:5    | Entered Level 5 of the Realm of Zot
 74426 | Zot:5    | Received a gift from Okawaru
 74640 | Zot:5    | Received a gift from Okawaru
 74846 | Zot:5    | Noticed an orb of fire
 74855 | Zot:5    | Noticed an orb of fire
 74859 | Zot:5    | Noticed an orb of fire
 74863 | Zot:5    | Killed an orb of fire
 74868 | Zot:5    | Received a gift from Okawaru
 74872 | Zot:5    | Gained mutation: Scrolls take you a little longer to read.
                  | [an orb of fire]
 74875 | Zot:5    | Killed an orb of fire
 74885 | Zot:5    | Killed an orb of fire
 74886 | Zot:5    | Noticed an orb of fire
 74895 | Zot:5    | Gained mutation: You are extremely frail. (-30% HP) [an orb
                  | of fire]
 74914 | Zot:5    | Killed an orb of fire
 75096 | Zot:5    | Got an emerald-encrusted plate armour
 75106 | Zot:5    | Identified the cursed +1 plate armour "Uvenoczi" {*Drain
                  | Will+ Regen+ Int+3} (You found it on level 5 of the Realm
                  | of Zot)
 75129 | Zot:5    | Got a smoking ring mail {god gift}
 75139 | Zot:5    | Identified the +6 ring mail of Insecurity {Dex+2} (Okawaru
                  | gifted it to you on level 5 of the Realm of Zot)
 75315 | Depths:4 | Voluntarily entered the Abyss.
 75379 | Abyss:1  | Paralysed by you for 3 turns
 75478 | Depths:4 | Escaped the Abyss
 75773 | Zot:5    | Noticed an ancient lich
 75784 | Zot:5    | Killed an ancient lich
 75905 | Zot:5    | Noticed an orb of fire
 75919 | Zot:5    | Gained mutation: You are dopey. (Int -2) [an orb of fire]
 75940 | Zot:5    | Killed an orb of fire
 76230 | Zot:5    | Received a gift from Okawaru
 76313 | Zot:5    | Got a pair of crude gloves {god gift}
 76318 | Zot:5    | Identified the +2 pair of gloves "Veifag" {rElec} (Okawaru
                  | gifted it to you on level 5 of the Realm of Zot)
 76337 | Zot:5    | Noticed an ancient lich
 76367 | Zot:5    | Killed an ancient lich
 76428 | Zot:5    | Noticed an ancient lich
 76440 | Zot:5    | Killed an ancient lich
 76662 | Zot:5    | Noticed an orb of fire
 76676 | Zot:5    | Noticed an orb of fire
 76680 | Zot:5    | Noticed an orb of fire
 76684 | Zot:5    | Gained mutation: Scrolls take you longer to read. [an orb
                  | of fire]
 76877 | Zot:4    | Lost mutation: Scrolls take you longer to read. [potion of
                  | mutation]
 76877 | Zot:4    | Lost mutation: You are extremely frail. (-30% HP) [potion
                  | of mutation]
 76877 | Zot:4    | Lost mutation: You are highly strong-willed. (Will++)
                  | [potion of mutation]
 76877 | Zot:4    | Gained mutation: You can translocate small distances at
                  | will. [potion of mutation]
 76965 | Zot:5    | Gained mutation: Your body sometimes deteriorates upon
                  | taking damage. [an orb of fire]
 76969 | Zot:5    | Killed an orb of fire
 77049 | Zot:5    | Reached skill level 27 in Shields
 77229 | Zot:5    | Identified the +3 chain mail of Reruobb {*Drain Str+3
                  | Dex+3} (You found it on level 5 of the Realm of Zot)
 77367 | Zot:5    | Received a gift from Okawaru
 77373 | Zot:5    | Gained mutation: Your magical capacity is low. (-10% MP)
                  | [an orb of fire]
 77374 | Zot:5    | Gained mutation: Scrolls take you longer to read. [an orb
                  | of fire]
 77374 | Zot:5    | Gained mutation: You are highly strong-willed. (Will++) [an
                  | orb of fire]
 77375 | Zot:5    | Noticed an orb of fire
 77486 | Zot:5    | Killed an orb of fire
 77603 | Zot:5    | Killed an orb of fire
 77669 | Zot:5    | Got a steaming bone ring
 77672 | Zot:5    | Identified the ring "Suaczecoff" {rPois Int+6 Dex+2} (You
                  | found it on level 5 of the Realm of Zot)
 77880 | Zot:5    | Killed an orb of fire
 78481 | Zot:5    | Got the Orb of Zot
 79033 | D:$      | Escaped with the Orb!

Illustrated notes

Levels and vault maps discovered:
D:1:      wander_arrival_desolate, layout_loops_cross
D:2:      layout_rooms, uniq_robin
D:3:      layout_basic, grunt_dithmenos_smoke_and_mirrors, okawaru_gym_becter,
          st_stairs_9, uniq_purgy, uniq_terence, uniq_jessica, uniq_natasha,
          uniq_sigmund
D:4:      layout_rooms, nicolae_qazlal_eye_of_the_storm, uniq_menkaure
D:5:      layout_basic, tso_altar, minmay_temple_entry_sparse_star, basic_altar,
          chequers_decorated_corner
D:6:      layout_loops_corners, lemuel_coloured_pillars_altar,
          nicolae_ossuary_entry_plus, uniq_edmund, uniq_duvessa,
          uniq_blork_the_orc
D:7:      layout_basic, zin_academy, uniq_pikel
D:8:      layout_basic, makhleb_heckhound_becter, erik_lair_island
D:9:      minmay_goldmine, layout_stronghold, kennysheep_vampire_church,
          minmay_misc_feat_tower
D:10:     layout_loops_ring, serial_shops, nicolae_shop_statue_plus, uniq_erica
D:11:     layout_basic, minmay_orc_entry_temple_small, basic_altar,
          minmay_misc_feat_rows, xom_shifter_show, uniq_snorg
D:12:     layout_rooms, gauntlet_entry_generic, uniq_nergalle
D:13:     layout_roguey, serial_park_tiny_1, lightli_fourway_metalbox
D:14:     layout_gridville, hangedman_vaults_entry_quadrant_bands,
          hangedman_decor_points, serial_bayou_pond_d,
          chequers_serial_rivers_micro_c
D:15:     grunt_enter_depths_giant_problem, layout_basic, serial_glass,
          glass_columns_b, glass_columns_a, minmay_strange_pillars,
          serial_shops, nicolae_shop_waterfront, nicolae_shop_statue_plus, shop
Temple:   regret_index_temple_waves
Lair:1:   wad_woods_tower, layout_big_grid, basic_altar,
          gammafunk_lair_bear_cave, uniq_gastronok
Lair:2:   layout_loops_ring, cheibrodos_lair_lostbears
Lair:3:   layout_hall_layers, minmay_swamp_entry_worms,
          minmay_snake_entry_six_corridors, basic_altar
Lair:4:   layout_misc_corridors, chequers_serial_rivers_micro_d,
          chequers_serial_rivers_small_b, infiniplex_staircase_pool
Lair:5:   layout_loops_ring, basic_altar, grunt_forest_large_clearing_hut
Lair:6:   wormcave, layout_long_grid, hangedman_lair_in_review,
          nicolae_slime_entry_slimehenge, basic_altar
Swamp:1:  layout_basic_swamp, evilmike_swamp_ruin_house_6, swamp_pool1,
          st_swamp_ruins_1, infiniplex_staircase_pool_2, uniq_donald
Swamp:2:  layout_basic_swamp, hangedman_swamp_lotus, uniq_kirke
Swamp:3:  layout_basic_swamp, portal_ice_cave_entry_pillars_1,
          gammafunk_ghost_cemetery, nicolae_swamp_round_clearing
Swamp:4:  swamp_icy, layout_basic_swamp
Snake:1:  nicolae_snakescales, layout_layer_cave, lemuel_fruit_tree,
          grunt_megastairs_2, minmay_shop_grove
Snake:2:  layout_honeycomb
Snake:3:  layout_onion
Snake:4:  grunt_snake_rune_spirals, layout_onion, uniq_vashnia
Slime:1:  layout_caves
Slime:2:  layout_caves, nicolae_slime_round_cave
Slime:3:  layout_caves, uniq_dissolution
Slime:4:  layout_caves, nicolae_slime_phagocytosis
Slime:5
Orc:1:    layout_caves, special_room [special_room_orc], serial_shops, shop,
          basic_altar, minmay_orc_treasury
Orc:2:    pubby_orc_utopia, uniq_nessos
Elf:1:    eino_elf_arrival_shootout, layout_loops_cross, gammafunk_ghost_arena,
          serial_sigils, serial_sigils_hangedman_clutch,
          serial_sigils_hangedman_carve, serial_sigils_hangedman_stare,
          serial_sigils_hangedman_shear, serial_sigils_hangedman_quiver,
          orc_legates
Elf:2:    layout_geoelf_octagon
Elf:3:    minmay_elf_hall_curves, layout_onion_city, serial_shops,
          shop_fountains
Vaults:1: st_star, ontoclasm_vaults_spin,
          vaults_standard_mumra_enter_the_diamond,
          nicolae_vaults_little_squares_1, v_pattern_4, layout_vaults_omnigrid,
          uniq_saint_roka
Vaults:2: nicolae_vaults_gold_heap, nicolae_vaults_hallways_thing,
          vaults_dpeg_encased_lava, nicolae_vaults_three_branches,
          ontoclasm_vaults_shout, nicolae_vaults_little_squares_4, v_misc_5,
          v_misc_22, grunt_vaults_twisty, layout_vaults_omnibox, serial_shops,
          shop, mu_enter_wizlab_2, uniq_frederick
Vaults:3: nicolae_vaults_ninety_degrees, st_greater_box_5, v_misc_25,
          nicolae_vaults_network_barrier, vaults_room_grunt_arrival_ludios,
          minmay_crypt_entry_nasty_monster, ontoclasm_vaults_hangar,
          vaults_room_pools, v_misc_24, v_misc_14, v_misc_26,
          ontoclasm_vaults_eye, layout_vaults_maze, basic_altar, uniq_sojobo,
          uniq_aizul, uniq_bai_suzhen, uniq_mara
Vaults:4: nicolae_vaults_ring_of_whatevers, vaults_standard_mumra_lines,
          hangedman_vaults_trim, v_misc_23, hangedman_vaults_hat,
          nicolae_vaults_network_star, v_misc_19, vaults_dpeg_diagonal,
          v_misc_32, nicolae_vaults_little_squares_1, st_more_cells,
          nicolae_vaults_alarming, ontoclasm_vaults_decontamination,
          layout_vaults_big_cross, serial_shops, shop
Vaults:5
Depths:1: layout_big_octagon, nrook_mini_vaults, pf_hell_entry_great_geh,
          abyss_entry, dispersion_dpeg
Depths:2: minmay_dotted_concentric_squares, layout_gridlike, enter_ziggurat_f,
          minmay_crystal_water, abyss_entry_small_statue_room, hell_entry,
          abandoned_shop
Depths:3: cheibrodos_witchhunters_guild, layout_cave_pools, hellmouth_1,
          nicolae_trove_entry_path_of_doom, rand_demon_pan_entry_5
Depths:4: grunt_arcs, layout_basic, fountainhead, hell_entry,
          abyss_entry_crystal
Depths:5: evilmike_zot_entry_basic, layout_cave_pools,
          grunt_hell_entry_dis_grunt, grunt_decor_clamped, minmay_shoptagon,
          serial_bayou_shore_a
Zot:1:    layout_basic, st_stairs_6
Zot:2:    nicolae_zot_draconian_monastery, layout_basic,
          hangedman_zot_decor_scrapings
Zot:3:    layout_basic
Zot:4:    layout_basic
Zot:5:    layout_cathedral_of_symmetry, skrybe_zot_glass_2

Skill      XL: |  1  2  3  4  5  6  7  8  9 10 11 12 13 14 15 16 17 18 19 20 21 22 23 24 25 26 27 |
---------------+----------------------------------------------------------------------------------+-----
Axes           | 2 3 4 5 7 8 9 10 11 12 13 14 15 16 17 18 20 | 20.7
Stealth        | 1 2 3 4 5 6 |  6.0
Fighting       | 4 5 7 8 9 11 12 13 14 15 16 17 18 19 20 21 26 | 26.1
Armour         | 4 5 7 8 9 11 12 13 14 15 16 17 18 19 20 21 23 | 23.8
Shields        | 4 5 7 8 9 11 12 13 14 15 16 17 18 27 | 27.0
Throwing       | 1 2 3 6 8 10 12 13 14 15 16 | 16.5
Dodging        | 1 2 3 4 5 6 7 8 9 10 11 12 14 | 14.3
Invocations    | 7 8 9 10 11 12 13 14 15 19 | 19.8
Evocations     | 2 3 |  3.0
Necromancy     | 2 3 4 5 6 8 |  8.0

Action                   |  1- 3 |  4- 6 |  7- 9 | 10-12 | 13-15 | 16-18 | 19-21 | 22-24 | 25-27 || total
-------------------------+-------+-------+-------+-------+-------+-------+-------+-------+-------++-------
Melee: War axe           |    88 |       |     3 |       |       |       |       |       |       ||    91
       Short sword       |    21 |   136 |   390 |   110 |       |       |       |       |       ||   657
       Hand axe          |       |       |   326 |   222 |    24 |       |   600 |       |   123 ||  1295
       Flail             |       |       |       |   207 |     4 |       |       |       |       ||   211
       Broad axe         |       |       |       |   207 |  1134 |  1088 |  1060 |  1439 |  3002 ||  7930
       Demon trident     |       |       |       |   110 |       |       |       |       |       ||   110
       Scimitar          |       |       |       |       |    19 |       |       |       |       ||    19
       Double sword      |       |       |       |       |       |       |     8 |       |       ||     8
       Long sword        |       |       |       |       |       |       |     9 |       |       ||     9
       Lance             |       |       |       |       |       |       |       |       |   723 ||   723
       Club              |       |       |       |       |       |       |       |       |    49 ||    49
Throw: Dart              |       |       |       |     4 |     2 |       |       |       |       ||     6
       Javelin           |       |       |       |       |     5 |    15 |     7 |       |    45 ||    72
Invok: Heroism           |       |       |     1 |     1 |     1 |       |     2 |       |     7 ||    12
       Finesse           |       |       |       |       |       |       |       |       |     4 ||     4
 Abil: Fly               |       |       |       |       |     1 |     1 |       |       |       ||     2
       Stop Flying       |       |       |       |       |       |     1 |       |     1 |       ||     2
Evoke: Wand              |       |       |       |     1 |       |     1 |     3 |     1 |       ||     6
       Tin of tremorston |       |       |       |       |     3 |     1 |     3 |     3 |     1 ||    11
       Phial of floods   |       |       |       |       |     1 |       |       |       |       ||     1
       Condenser vane    |       |       |       |       |       |       |       |     1 |       ||     1
       Phantom mirror    |       |       |       |       |       |       |       |     1 |       ||     1
  Use: Scroll            |       |       |     6 |     8 |    12 |       |     6 |     6 |    36 ||    74
       Potion            |       |       |     7 |       |     3 |       |     3 |     1 |    13 ||    27
 Stab: Sleeping          |       |       |     3 |     5 |       |       |       |       |       ||     8
       Distracted        |       |       |     1 |       |       |       |       |     2 |     1 ||     4
       Petrified         |       |       |       |       |     3 |       |       |       |       ||     3
       Paralysed         |       |       |       |       |       |       |       |     2 |     2 ||     4
       Confused          |       |       |       |       |       |       |       |       |     3 ||     3
       Invisible         |       |       |       |       |       |       |       |       |     2 ||     2
Armor: Scale mail        |    57 |    79 |   266 |       |       |       |       |       |       ||   402
       Robe              |       |       |    26 |    91 |       |       |       |       |       ||   117
       Chain mail        |       |       |    10 |       |       |       |       |       |       ||    10
       Plate armour      |       |       |       |   337 |   620 |   704 |   845 |   938 |   333 ||  3777
       Skin              |       |       |       |       |    17 |       |       |    23 |     2 ||    42
       Ice dragon scales |       |       |       |       |       |       |     3 |       |       ||     3
       Gold dragon scale |       |       |       |       |       |       |       |       |  1095 ||  1095
Dodge: Dodged            |    44 |    38 |   366 |   480 |   715 |   477 |   618 |   681 |  1222 ||  4641
Block: Kite shield       |    76 |    83 |   430 |   687 |  1016 |    44 |       |       |       ||  2336
       Tower shield      |       |       |       |       |       |  1492 |  1688 |  1892 |  3802 ||  8874
       Reflection        |       |       |       |       |       |   203 |   155 |   107 |   117 ||   582
       Rpst.: Scimitar   |       |       |       |       |     4 |       |       |       |       ||     4
       Long sword        |       |       |       |       |       |       |     1 |       |       ||     1

Table legend: (Time is in decaauts)
 A = Elapsed time spent in this place.
 B = Non-inter-level travel time spent in this place.
 C = Inter-level travel time spent in this place.
 D = Time resting spent in this place.
 E = Time spent auto-exploring this place.
 F = Levels seen in this place.
 G = Mean time per level.
                   A        B        C        D        E       F      G
               +--------+--------+--------+--------+--------+-----+--------+
         Total |  78760 |  68189 |  10571 |   7588 |  36978 |  68 | 1158.2 |
       Dungeon |  21945 |  17525 |   4420 |   2489 |  10046 |  15 | 1463.0 |
        Temple |    145 |    126 |     19 |      0 |    125 |   1 |  145.0 |
          Lair |   7764 |   6627 |   1137 |    905 |   3840 |   6 | 1294.0 |
         Swamp |   3031 |   2715 |    316 |     46 |   1730 |   4 |  757.8 |
     Snake Pit |   5465 |   5234 |    231 |    124 |   3432 |   4 | 1366.2 |
    Slime Pits |   3940 |   3828 |    112 |    771 |   1950 |   5 |  788.0 |
  Orcish Mines |   4140 |   3604 |    536 |    441 |   1982 |   2 | 2070.0 |
   Elven Halls |   3796 |   3490 |    306 |    128 |   1991 |   3 | 1265.3 |
        Vaults |   7634 |   6783 |    851 |    106 |   4084 |   5 | 1526.8 |
        Depths |   7045 |   5340 |   1705 |    524 |   2656 |   5 | 1409.0 |
           Zot |   9102 |   8167 |    935 |   1812 |   4099 |   5 | 1820.4 |
         Abyss |   2190 |   2190 |      0 |     90 |    194 |   8 |  273.8 |
         Trove |     62 |     62 |      0 |      0 |      2 |   1 |   62.0 |
       Ossuary |    229 |    229 |      0 |      0 |     90 |   1 |  229.0 |
      Ice Cave |    522 |    522 |      0 |     85 |    208 |   1 |  522.0 |
        Wizlab |    684 |    684 |      0 |     65 |    171 |   1 |  684.0 |
      Gauntlet |   1060 |   1060 |      0 |      0 |    375 |   1 | 1060.0 |
               +--------+--------+--------+--------+--------+-----+--------+

Top non-repeatable levels by time:
   Zot:5: 3317 daAuts
   Orc:2: 2861 daAuts
    D:11: 2457 daAuts
  Lair:6: 2449 daAuts
Depths:3: 2338 daAuts
    D:15: 1953 daAuts
     D:3: 1870 daAuts
Vaults:5: 1864 daAuts
   Zot:4: 1851 daAuts
     D:9: 1703 daAuts
     D:6: 1684 daAuts
     D:5: 1677 daAuts
Depths:4: 1652 daAuts
   Zot:2: 1641 daAuts
 Snake:1: 1627 daAuts
